Map: [EWC] Alcyone

Players

Oliveira - Winner!

  • Race: Terran Terran
  • Spawn Location: 1:00

ByuN

  • Race: Terran Terran
  • Spawn Location: 7:00

Event: Esports World Cup 2024

VOD

Have the link to the VOD?

Description

Time

  • Played on: Aug. 16, 2024, 7:47 a.m.
  • Length: 20:26

All games in this series

Show
View Real Time Build Order
Export as new Build Order

Oliveira Terran - Winner!

Build Orders:  

Get SALT Encoding   

  12  0:00  SCV  
  13  0:12  SCV  
  14  0:17  Supply Depot  
  14  0:25  SCV  
  15  0:39  SCV  
  15  0:40  Barracks  
  16  0:43  Refinery  
  16  0:51  SCV  
  16  0:54  Refinery  
  17  1:03  SCV  
  18  1:15  SCV  
  19  1:28  Orbital Command, Reaper  
  19  1:31  Supply Depot  
  20  1:43  Factory  
  20  1:53  SCV  
  21  2:00  Barracks Reactor  
  21  2:06  SCV  
  22  2:18  Command Center  
  22  2:23  SCV  
  22  2:29  Hellion  
  25  2:35  SCV  
  25  2:36  Reaper  
  25  2:37  Reaper  
  28  2:40  Supply Depot  
  28  2:48  SCV  
  28  2:50  Hellion  
  31  2:59  Starport  
  31  3:02  SCV  
  32  3:09  Marine x2  
  34  3:13  Cyclone  
  34  3:16  SCV  
  37  3:28  Marine x2  
  37  3:31  Orbital Command  
  37  3:33  SCV  
  39  3:41  Medivac  
  40  3:47  Cyclone  
  40  3:53  Marine x2  
  40  3:55  SCV  
  42  3:57  SCV  
  43  4:03  Supply Depot  
  43  4:08  SCV  
  43  4:09  SCV  
  45  4:11  Marine x2  
  45  4:14  Starport Tech Lab  
  47  4:18  Refinery  
  47  4:20  SCV  
  47  4:22  Factory Tech Lab  
  47  4:23  SCV  
  49  4:29  Marine  
  48  4:32  SCV  
  48  4:36  Raven  
  48  4:38  SCV  
  51  4:41  Siege Tank  
  52  4:45  Interference Matrix  
  52  4:46  SCV  
  52  4:51  Command Center  
  53  4:54  SCV  
  53  4:57  Supply Depot  
  54  5:01  SCV  
  55  5:08  SCV  
  55  5:11  Raven  
  55  5:12  Supply Depot  
  55  5:13  SCV  
  59  5:17  Marine x2  
  59  5:20  Siege Tank  
  64  5:23  SCV  
  65  5:28  SCV  
  68  5:36  SCV  
  68  5:40  Supply Depot  
  68  5:42  SCV  
  68  5:50  SCV  
  68  5:53  Barracks  
  68  5:54  SCV, Starport Reactor  
  68  5:56  Barracks  
  69  6:00  Marine, Stimpack  
  69  6:02  SCV  
  69  6:03  Supply Depot  
  68  6:11  Engineering Bay x2  
  68  6:14  SCV  
  66  6:20  SCV  
  66  6:21  Orbital Command  
  66  6:26  SCV  
  66  6:30  Siege Tank  
  66  6:32  SCV  
  71  6:38  SCV  
  72  6:43  Starport Reactor  
  72  6:44  SCV  
  70  6:49  Marine x2  
  70  6:50  SCV  
  70  6:51  SCV  
  73  6:56  SCV  
  73  6:59  Barracks  
  73  7:00  Barracks  
  74  7:02  SCV  
  74  7:03  SCV, Terran Infantry Weapons Level 1  
  74  7:04  Siege Tank  
  74  7:07  Marine x2  
  81  7:08  SCV  
  81  7:12  Terran Infantry Armor Level 1  
  81  7:13  Marine  
  81  7:14  SCV  
  81  7:15  SCV  
  85  7:18  Refinery  
  85  7:19  Marine  
  85  7:20  Supply Depot  
  86  7:28  Marine  
  86  7:29  SCV  
  86  7:30  SCV, Marine x2  
  86  7:34  Marine  
  90  7:42  Combat Shield, Siege Tank, Missile Turret  
  90  7:43  SCV  
  94  7:45  Marine  
  94  7:48  Marine  
  94  7:49  Marine  
  94  7:50  Barracks Reactor  
  94  7:51  SCV, Barracks Reactor  
  97  7:56  Marine  
  99  8:01  Marine  
  99  8:03  Marine  
  95  8:12  Marine x2  
  83  8:13  Viking  
  83  8:14  Orbital Command, Viking  
  83  8:16  SCV  
  83  8:18  SCV  
  81  8:22  Barracks Reactor  
  81  8:23  Siege Tank  
  81  8:26  Marine  
  84  8:28  SCV  
  84  8:29  Marine, Missile Turret  
  84  8:31  SCV  
  84  8:34  Marine x2  
  87  8:37  Marine  
  87  8:40  SCV, Marine  
  87  8:41  SCV  
  93  8:43  SCV  
  94  8:49  Command Center  
  94  8:53  SCV x2, Medivac x2  
  94  8:54  Sensor Tower  
  94  8:55  SCV  
  101  8:56  Marine  
  101  8:57  Marine  
  101  8:59  Hellion  
  101  9:02  Marine x2  
  106  9:05  SCV x2, Marine  
  106  9:07  SCV  
  106  9:08  Marine  
  109  9:13  Supply Depot  
  109  9:15  Missile Turret  
  108  9:17  SCV x2  
  108  9:18  Armory  
  108  9:19  SCV  
  108  9:21  Siege Tank  
  114  9:24  Marine x2  
  114  9:27  Marine  
  117  9:35  SCV x2, Viking x2  
  117  9:36  Supply Depot  
  117  9:37  Refinery x2  
  124  9:38  SCV  
  124  9:43  Factory  
  124  9:44  Marine  
  125  9:46  Barracks Reactor  
  125  9:50  Missile Turret  
  125  9:53  Missile Turret  
  125  9:57  SCV x3, Marine, Siege Tank  
  125  9:59  Marine  
  132  10:03  Marine  
  132  10:04  Marine x2  
  132  10:06  Marine  
  86  10:07  Viking x2  
  135  10:08  Marine x2  
  135  10:09  SCV  
  135  10:11  SCV, Terran Infantry Armor Level 2, Terran Infantry Weapons Level 2  
  141  10:18  Marine  
  141  10:19  SCV  
  141  10:20  Missile Turret  
  143  10:22  SCV, Marine  
  143  10:26  Terran Vehicle Weapons Level 1  
  143  10:27  Siege Tank  
  148  10:32  Supply Depot  
  148  10:33  Supply Depot, SCV, Marine x2  
  151  10:36  Planetary Fortress  
  151  10:38  Marine  
  151  10:42  SCV  
  153  10:44  Siege Tank  
  156  10:53  SCV x2  
  149  11:04  Marine  
  137  11:08  Marine x3  
  137  11:09  Siege Tank  
  137  11:10  Marine x2  
  132  11:13  Marine  
  132  11:14  Marine  
  132  11:15  Marine  
  140  11:18  SCV  
  140  11:19  Refinery  
  140  11:20  Starport, Marine  
  140  11:21  Refinery, Command Center  
  140  11:23  Siege Tank  
  140  11:24  Liberator x2  
  146  11:33  Marine x3, Command Center  
  146  11:36  Marine x2  
  146  11:37  Starport  
  151  11:42  Marine  
  151  11:43  Marine  
  151  11:44  Missile Turret, Sensor Tower  
  151  11:45  Supply Depot  
  153  11:49  Siege Tank, Marine  
  153  11:50  Marine x2  
  153  11:52  Marine x2  
  160  12:04  Marine  
  160  12:06  Siege Tank  
  160  12:07  Starport Tech Lab  
  154  12:08  Marine  
  154  12:09  Marine x3  
  154  12:13  Marine x2  
  158  12:16  Starport Tech Lab  
  158  12:18  Marine x2  
  158  12:21  Marine  
  158  12:22  Marine  
  162  12:33  Siege Tank  
  162  12:36  Marine x6  
  158  12:37  Marine  
  158  12:38  Marine  
  158  12:39  Siege Tank  
  158  12:41  Marine  
  158  12:43  Marine  
  166  12:44  Raven x2  
  168  12:54  Marine  
  168  12:55  Marine  
  168  12:56  Marine x2  
  168  12:58  Viking x2  
  170  13:05  Terran Infantry Armor Level 3, Terran Infantry Weapons Level 3  
  170  13:12  Marine  
  162  13:14  Marine  
  162  13:15  Siege Tank x2, Marine  
  162  13:18  Terran Vehicle Weapons Level 2, Command Center  
  171  13:20  Marine  
  172  13:30  Marine  
  172  13:31  Marine  
  172  13:33  Marine  
  172  13:34  Marine  
  161  13:35  Marine  
  163  13:42  Raven x2  
  163  13:43  Marine x2  
  163  13:44  Viking x2  
  172  13:51  Marine  
  172  13:53  Marine  
  167  13:56  Marine  
  167  13:58  Marine x2  
  167  14:00  Marine  
  165  14:03  Marine x2  
  165  14:05  Siege Tank x2  
  165  14:08  Marine x2  
  175  14:10  Marine  
  175  14:12  Marine  
  175  14:14  Marine  
  178  14:17  Marine  
  178  14:19  Planetary Fortress  
  178  14:20  Marine x2  
  178  14:21  Orbital Command  
  178  14:24  Sensor Tower  
  178  14:25  Command Center  
  178  14:26  Missile Turret  
  178  14:27  Unknown  
  178  14:28  Missile Turret  
  178  14:32  Marine x2  
  178  14:33  Raven x2  
  184  14:45  Marine  
  172  14:46  Marine x2  
  172  14:47  Marine x2  
  172  14:48  Siege Tank  
  172  14:49  Siege Tank  
  172  14:52  Marine x2  
  183  14:53  Marine x2  
  186  15:00  Marine  
  186  15:03  Marine  
  186  15:06  Marine x2  
  176  15:07  Medivac x2  
  176  15:08  Raven, Marine x2  
  176  15:10  Marine x2  
  175  15:16  Marine  
  175  15:19  Raven  
  175  15:20  Marine  
  179  15:25  Siege Tank x2  
  179  15:26  Marine x2  
  179  15:27  Missile Turret  
  177  15:29  Marine, Missile Turret  
  177  15:34  Marine  
  179  15:42  Medivac  
  179  15:43  Medivac  
  179  15:45  Raven  
  179  15:47  Terran Vehicle Weapons Level 3  
  185  15:50  Orbital Command  
  185  15:59  Sensor Tower  
  185  16:02  Marine  
  186  16:04  Marine  
  186  16:08  Siege Tank x2  
  186  16:09  Raven, Marine  
  195  16:21  Marine  
  195  16:22  Raven, Marine  
  195  16:24  Marine  
  165  16:26  Marine x3  
  165  16:28  Marine x3, Medivac x2  
  165  16:30  Marine  
  173  16:37  Command Center  
  173  16:39  Marine x2  
  174  16:42  Marine  
  174  16:44  Marine x2  
  178  16:47  Marine  
  178  16:49  Marine x2  
  178  16:53  Marine  
  182  16:55  Raven, Missile Turret  
  182  16:56  Marine x2  
  182  16:58  Raven, Missile Turret  
  182  16:59  Siege Tank x2  
  194  17:05  Marine  
  194  17:08  Orbital Command  
  143  17:23  Marine x3  
  143  17:24  Marine x2  
  143  17:25  Liberator  
  143  17:27  Liberator  
  143  17:28  Marine x4  
  156  17:31  Raven  
  158  17:41  Marine  
  161  17:46  Siege Tank x2  
  161  17:49  Raven  
  166  17:51  Marine  
  166  17:55  Marine  
  166  17:57  Missile Turret  
  166  17:58  Command Center, Sensor Tower x2  
  168  18:00  Missile Turret  
  168  18:03  Marine  
  168  18:05  Missile Turret  
  169  18:06  Missile Turret  
  169  18:07  Raven, Marine x4  
  169  18:09  Marine x2  
  177  18:14  Hi-Sec Auto Tracking, Missile Turret, Neosteel Armor  
  177  18:15  Missile Turret x2  
  178  18:21  SCV x2  
  178  18:22  Marine  
  178  18:24  Planetary Fortress  
  178  18:26  Raven  
  185  18:28  Siege Tank  
  185  18:29  Siege Tank  
  188  18:41  Marine  
  189  18:50  Marine x2  
  189  18:51  Marine  
  189  18:54  Marine  
  187  18:57  Marine x2  
  187  18:59  Raven, Marine  
  187  19:01  Marine  
  193  19:07  Marine  
  193  19:09  Marine  
  194  19:10  Marine  
  194  19:12  Siege Tank  
  196  19:17  Marine  
  196  19:18  Liberator  
  200  19:26  Starport x2  
  194  19:44  Marine  
  193  19:46  Siege Tank  
  193  19:47  Siege Tank  
  193  19:49  Marine x2  
  193  19:51  Marine  
  187  19:53  Marine x2  
  187  19:54  Marine  
  187  19:55  Marine  
  187  19:57  Marine  
  186  20:00  Marine  
  186  20:02  Marine  
  186  20:04  Starport Tech Lab, Starport Reactor  
  186  20:06  Marine  
Show
View Real Time Build Order
Export as new Build Order

ByuN Terran 

Build Orders: Cyclone Opening 

Get SALT Encoding   

  12  0:02  SCV  
  13  0:14  SCV  
  14  0:18  Supply Depot  
  14  0:26  SCV  
  15  0:39  Barracks  
  15  0:40  SCV  
  16  0:44  Refinery  
  16  0:52  SCV  
  16  0:54  Refinery  
  17  1:04  SCV  
  18  1:16  SCV  
  19  1:26  Reaper  
  19  1:28  Orbital Command  
  19  1:31  Supply Depot  
  20  1:41  Factory  
  20  1:54  SCV  
  20  1:58  Reaper  
  22  2:06  SCV  
  23  2:16  Command Center  
  23  2:18  SCV  
  24  2:25  Cyclone  
  26  2:31  SCV  
  26  2:36  Starport  
  27  2:43  SCV  
  28  2:47  Supply Depot  
  28  2:51  Barracks Reactor  
  28  2:55  SCV  
  29  2:58  Cyclone  
  31  3:08  SCV  
  32  3:14  Medivac  
  34  3:21  SCV  
  35  3:27  Marine  
  35  3:28  Marine  
  35  3:29  Orbital Command  
  35  3:34  SCV  
  35  3:45  Marine x2  
  35  3:46  SCV  
  35  3:48  Cyclone  
  35  3:55  SCV  
  35  3:58  SCV  
  35  4:01  Liberator  
  40  4:03  Marine x2  
  40  4:08  SCV  
  43  4:10  SCV  
  43  4:14  Supply Depot  
  44  4:20  SCV  
  44  4:21  Marine x2, Refinery  
  47  4:24  SCV  
  47  4:30  Factory Tech Lab  
  45  4:32  SCV  
  45  4:36  SCV  
  45  4:39  Marine  
  46  4:50  SCV x2  
  46  4:51  Siege Tank  
  51  4:55  Supply Depot  
  51  4:56  Barracks  
  51  4:57  Starport Tech Lab  
  51  5:02  SCV x2  
  53  5:14  SCV  
  53  5:15  SCV, Marine x2  
  53  5:19  Supply Depot  
  57  5:23  Siege Tank  
  57  5:27  SCV x2  
  62  5:31  Starport Reactor  
  62  5:39  SCV x2  
  64  5:44  Marine x2  
  64  5:46  Supply Depot  
  64  5:48  Command Center  
  66  5:51  Marine, Stimpack  
  66  5:55  SCV x2  
  66  5:56  Siege Tank  
  72  6:06  Engineering Bay  
  72  6:07  SCV x2, Engineering Bay  
  72  6:19  SCV x2  
  72  6:24  Marine x2  
  73  6:30  Medivac x2  
  73  6:31  Siege Tank, SCV x2  
  73  6:32  Marine  
  83  6:36  Terran Infantry Weapons Level 1, Terran Infantry Armor Level 1  
  83  6:40  Refinery  
  83  6:43  SCV  
  83  6:44  SCV  
  85  6:50  Marine x3  
  88  6:55  SCV  
  88  6:56  SCV  
  90  7:01  Barracks  
  90  7:02  Orbital Command  
  90  7:07  Marine x2  
  90  7:08  SCV, Marine  
  94  7:12  Siege Tank, Starport Reactor  
  97  7:16  SCV  
  97  7:21  Orbital Command  
  98  7:23  SCV  
  98  7:25  Marine x2  
  98  7:26  Marine  
  98  7:28  SCV  
  101  7:33  Combat Shield  
  101  7:35  SCV  
  102  7:40  SCV  
  102  7:43  Supply Depot, Barracks  
  103  7:46  Barracks  
  103  7:47  SCV  
  100  7:52  SCV  
  98  8:00  SCV  
  98  8:03  Marine  
  98  8:04  SCV, Marine x2  
  101  8:08  Siege Tank  
  101  8:12  SCV  
  101  8:16  SCV  
  94  8:20  Medivac x2  
  94  8:21  Marine x2  
  94  8:24  SCV  
  101  8:27  Marine x2  
  101  8:28  SCV  
  101  8:33  Barracks Reactor  
  104  8:34  Barracks Reactor  
  104  8:36  SCV  
  104  8:37  Supply Depot  
  104  8:38  Supply Depot  
  104  8:40  SCV, Marine x3  
  104  8:41  Armory  
  109  8:43  Missile Turret  
  109  8:50  Marine x2  
  109  8:51  Supply Depot, SCV  
  109  8:53  SCV x2  
  114  8:55  Sensor Tower  
  114  8:58  Marine x3  
  115  9:03  SCV  
  115  9:05  SCV x2  
  115  9:08  Marine x2, Command Center  
  120  9:15  SCV  
  120  9:16  Marine x5  
  120  9:17  SCV, Marine  
  124  9:22  Missile Turret  
  124  9:23  Missile Turret  
  126  9:26  Marine x2  
  126  9:28  Siege Tank  
  126  9:29  Medivac  
  126  9:30  Medivac  
  126  9:31  Terran Infantry Weapons Level 2  
  134  9:32  Factory  
  134  9:34  Terran Infantry Armor Level 2  
  134  9:38  SCV x3  
  136  9:40  Barracks Reactor  
  136  9:41  Marine x4  
  141  9:45  Supply Depot, Terran Vehicle Weapons Level 1  
  141  9:46  Marine x2  
  143  9:54  SCV x3  
  143  9:55  Supply Depot  
  146  10:00  Siege Tank  
  146  10:02  Marine x2  
  146  10:07  Marine x6  
  149  10:10  Missile Turret  
  155  10:16  Barracks  
  155  10:17  Barracks  
  155  10:20  Marine  
  155  10:21  SCV x3, Missile Turret  
  159  10:22  Barracks  
  159  10:24  Missile Turret  
  159  10:25  Refinery x2  
  159  10:30  Planetary Fortress  
  159  10:33  Siege Tank  
  158  10:36  SCV x3  
  158  10:40  Marine  
  158  10:41  Marine x8  
  158  10:42  Marine  
  171  10:57  Siege Tank  
  153  10:58  Marine x2  
  153  10:59  Marine x7  
  153  11:00  Marine  
  148  11:05  Siege Tank  
  146  11:16  Marine x8  
  146  11:17  Marine  
  146  11:18  Marine  
  151  11:19  Barracks Reactor x3  
  150  11:29  Medivac x2  
  150  11:32  Command Center  
  154  11:34  Marine x8  
  154  11:35  Marine  
  154  11:37  Marine  
  164  11:45  Siege Tank x2  
  170  11:52  Marine x2  
  172  11:59  Marine, Medivac x2  
  172  12:00  Marine  
  155  12:03  Marine  
  155  12:05  Marine x8  
  155  12:06  Marine x2  
  147  12:10  Marine  
  147  12:11  Marine  
  147  12:17  Siege Tank x2  
  147  12:21  Command Center, Terran Infantry Weapons Level 3  
  153  12:29  Medivac x2  
  157  12:36  Terran Infantry Armor Level 3, Marine  
  147  12:40  Marine x3  
  147  12:41  Marine  
  147  12:42  Marine  
  147  12:43  Marine x7  
  155  12:49  Siege Tank, Marine  
  159  12:56  Marine  
  159  12:57  Marine  
  151  12:59  Medivac x2  
  151  13:00  Marine  
  151  13:02  Marine  
  151  13:03  Marine x6  
  151  13:04  Marine x5  
  151  13:05  Siege Tank  
  165  13:07  Marine  
  147  13:13  Marine  
  147  13:15  Marine  
  147  13:18  Marine  
  145  13:20  Marine x4  
  145  13:21  Marine x2  
  145  13:22  Marine  
  145  13:23  Marine x5  
  145  13:25  Terran Vehicle Weapons Level 2, Marine  
  158  13:29  Medivac x2  
  158  13:30  Siege Tank  
  158  13:31  Marine  
  158  13:33  Marine  
  157  13:36  Marine  
  157  13:37  Siege Tank  
  157  13:38  Marine x6  
  157  13:40  Marine  
  157  13:41  Marine  
  168  13:42  Marine x4  
  168  13:43  Marine  
  173  13:49  Marine  
  173  13:50  Marine  
  173  13:54  Marine  
  163  13:56  Marine x6  
  163  13:57  SCV  
  163  13:58  Marine, Medivac  
  163  13:59  Marine  
  173  14:03  Marine  
  173  14:04  Marine  
  173  14:07  Orbital Command  
  173  14:09  Marine  
  168  14:16  Marine x5  
  171  14:20  Marine  
  171  14:21  Marine x2  
  174  14:26  Marine  
  175  14:38  Marine x4  
  176  14:45  Marine x2  
  152  14:46  Marine x10  
  159  14:55  Siege Tank  
  159  14:56  Marine x4  
  159  14:58  Siege Tank  
  168  15:03  Marine x2  
  162  15:08  Marine  
  162  15:09  Marine x2  
  162  15:12  Medivac x2  
  162  15:13  Marine x6  
  170  15:21  Marine  
  170  15:22  Marine x5  
  170  15:26  Orbital Command, Marine x2  
  170  15:27  Marine x2  
  180  15:51  Supply Depot  
  180  15:55  Marine x2  
  180  15:56  Medivac x2  
  186  15:59  Command Center  
  186  16:06  Marine x2  
  188  16:14  Supply Depot, Marine x3  
  188  16:15  Marine x5  
  188  16:16  Marine  
  188  16:18  Marine x2  
  181  16:20  Marine x3  
  181  16:21  Siege Tank x2  
  181  16:23  Marine  
  181  16:24  Marine  
  167  16:30  Medivac  
  167  16:32  Marine x4  
  171  16:33  SCV x2, Marine x5  
  171  16:35  SCV  
  181  16:42  Medivac  
  181  16:45  SCV x2  
  185  16:53  SCV, Siege Tank  
  189  16:59  Supply Depot  
  189  17:10  SCV, Marine x2, Siege Tank  
  178  17:19  Marine  
  178  17:20  Marine  
  178  17:21  Marine x4, Sensor Tower  
  178  17:22  Marine  
  127  17:24  Marine  
  127  17:25  Siege Tank, Marine  
  127  17:28  Marine  
  127  17:29  Marine  
  117  17:31  SCV  
  117  17:34  SCV  
  120  17:38  Orbital Command, Marine  
  120  17:42  Siege Tank  
  124  17:47  Marine x4  
  124  17:48  Marine x7  
  124  17:51  Marine x3  
  134  17:55  Marine  
  134  17:56  Marine  
  139  18:01  SCV x2  
  139  18:03  SCV  
  139  18:05  Marine x2  
  143  18:06  Marine x2  
  143  18:08  Marine x6  
  143  18:09  Orbital Command, Marine x2  
  143  18:10  Marine x2  
  156  18:13  Marine  
  156  18:14  Marine  
  156  18:18  Siege Tank  
  161  18:23  Marine x3  
  161  18:24  Marine  
  161  18:26  Marine x7  
  161  18:27  Marine  
  172  18:28  Marine x2  
  172  18:30  Marine  
  172  18:33  Marine  
  177  18:41  Marine x3  
  178  18:42  Marine  
  178  18:44  Marine  
  183  18:48  Siege Tank  
  183  18:50  Siege Tank  
  173  18:57  Marine  
  173  18:58  Marine x10  
  173  18:59  Marine x3  
  173  19:00  Marine  
  173  19:02  Marine, Refinery  
  182  19:04  Refinery  
  181  19:15  Marine  
  181  19:16  Marine x4  
  181  19:17  Marine x9  
  181  19:18  Marine  
  181  19:23  Marine  
  192  19:26  SCV  
  192  19:27  SCV x2  
  192  19:28  SCV  
  196  19:33  Marine x4  
  200  19:43  Marine  
  184  19:48  Marine x2  
  184  19:51  Marine x2  
  184  19:52  Marine  
  156  19:53  Siege Tank  
  156  19:55  Marine x5  
  156  19:57  Marine x2  
  156  19:58  Marine x3  
  146  20:01  SCV x3, Marine  
  146  20:03  Refinery  
  146  20:06  Marine x2  
Tags
 
Add a new tag
Caveats
  • Supply blocks, unpowered buildings, or Contaminate may cause inaccurate times.
  • Supply counts are checked every 10 seconds.